Cogmind - Beta 16 @@@ ROGUE MODE // 2025.11.23 @ 08:40:24 Player: laeb2 Result: Destroyed by Piercing Trap Performance ------------- Evolutions (0) 0 Regions Visited (2) 400 Robots Destroyed (32) 160 Value Destroyed (675) 675 Prototype IDs (0) 0 Alien Tech Used (0) 0 Bonus (0) 0 TOTAL SCORE: 1235 Bonus ------- None Cogmind --------- Core Integrity 0/250 Matter 300/300 Energy 156/160 System Corruption 0% Temperature Cool (2) Movement Treading (160) Location -10/Subcaves Parts ------- > --- POWER (1) -------- Light Nuclear Core > --- PROPULSION (2) --- Light Treads Spiked Treads > --- UTILITY (2) ------ Large Storage Unit Seismic Detector > --- WEAPON (2) ------- Subdweller Laser Beam Cannon > --- INVENTORY (15) --- Armored Wheel Armored Wheel Armored Wheel Improved Heat Sink Disposable Heat Sink Medium Matter Pod (100) Trap Extractor (0/4) Particle Gun Subdweller Beam Cannon Battle Rifle Battle Rifle Battle Rifle Battle Cannon Battle Cannon Peak State ------------ > --- POWER ------------ Light Nuclear Core > --- PROPULSION ------- Light Treads Spiked Treads > --- UTILITY ---------- Large Storage Unit Seismic Detector > --- WEAPON ----------- Subdweller Laser Beam Cannon > --- INVENTORY -------- Armored Wheel Armored Wheel Armored Wheel Improved Heat Sink Medium Matter Pod Trap Extractor Particle Gun Battle Rifle Battle Rifle Battle Rifle Battle Cannon Battle Cannon Shrapnel Trap [Rating: 13] Favorites ----------- Power Ion Engine Engine Ion Engine Power Core Light Nuclear Core Propulsion Light Treads Treads Light Treads Utility Seismic Detector Device Seismic Detector Storage Large Storage Unit Weapon Beam Cannon Energy Gun Subdweller Laser Energy Cannon Beam Cannon Ballistic Gun Light Assault Rifle Build | -11 -10 -10 ------- Run | Yrd Mat Sub Slots Evolved . | . . . Power . | . . . Propulsion . | . . . Utility . | . . . Weapon . | . . . Parts Attached 28 | 7 12 9 Power 4 | 1 1 2 Engine 3 | 1 1 1 Core 1 | . . 1 Reactor . | . . . Propulsion 6 | 2 2 2 Treads 6 | 2 2 2 Leg . | . . . Wheel . | . . . Hover . | . . . Flight . | . . . Utility 7 | 1 5 1 Device 4 | . 3 1 Storage 3 | 1 2 . Processor . | . . . Hackware . | . . . Protection . | . . . Artifact . | . . . Weapon 11 | 3 4 4 Energy Gun 3 | 1 . 2 Energy Cannon 5 | . 4 1 Ballistic Gun 3 | 2 . 1 Ballistic Cannon . | . . . Launcher . | . . . Special Weapon . | . . . Impact Weapon . | . . . Slashing Weapon . | . . . Piercing Weapon . | . . . Special Melee Weapon . | . . . Unidentified Prototypes . | . . . Parts Lost 11 | . 6 5 Power 2 | . 1 1 Propulsion 4 | . 2 2 Utility 1 | . 1 . Weapon 4 | . 2 2 Highest Loss Streak 4 | . 4 3 To Critical Strikes . | . . . Average Backups 11 | 2 9 14 Power 1 | . 1 . Propulsion 2 | . 1 3 Utility 3 | . 2 4 Weapon 4 | . 3 5 Tool/Special . | . . . Unused Backups 18 | . 4 14 Power 3 | . 3 . Propulsion 3 | . . 3 Utility 5 | . 1 4 Weapon 7 | . . 7 Tool/Special . | . . . Average Slot Usage (%) 98 | . 97 99 Engine 10 | . 13 8 Core 3 | . . 5 Treads 26 | . 26 27 Device 14 | . 14 14 Storage 14 | . 14 14 Energy Gun 5 | . . 10 Energy Cannon 16 | . 18 14 Ballistic Gun 5 | . 9 3 Peak Build Rating 13 | 6 11 13 Average Rating 9 | 5 8 11 On Entrance 5 | . 6 11 Avg Prop Armor Cover (%) . | . . . Naked Turns . | . . . Heaviest Build 33 | 13 32 33 Greatest Support 40 | 40 40 40 Greatest Overweight (x) 1 | . 1 . Average Overweight (x) . | . . . Largest Inventory Capacity 15 | 8 15 15 Average Capacity 13 | 7 11 15 Most Carried 15 | 5 15 15 Average Carried 11 | 2 9 14 Final Capacity 15 | 8 15 15 Final Carried 15 | 3 15 14 Class Distribution -------------------- 97% | Mutant Dominant Class ---------------- Mutant | -10/Materials Mutant | -10/Subcaves Resources | -11 -10 -10 ----------- Run | Yrd Mat Sub Matter Collected 725 | 326 245 154 Remotely . | . . . Salvage Created 1072 | 125 652 295 Parts 66 | 6 42 18 Haulers Intercepted 2 | . 2 . Recyclers Shooed . | . . . Parts Field Recycled . | . . . Retrieved Matter . | . . . Parts Self-Destructed 9 | . . 9 Prevented . | . . . Parts Restored . | . . . Kills | -11 -10 -10 ------- Run | Yrd Mat Sub Combat Hostiles Destroyed 23 | . 16 7 Guns 7 | . 3 4 Cannons 16 | . 13 3 Classes Destroyed 8 | 2 5 1 Worker 1 | . 1 . Tunneler 3 | 2 1 . Hauler 2 | . 2 . Recycler 2 | 1 1 . Watcher 1 | . 1 . Swarmer 9 | . 9 . Grunt 7 | . 7 . Subdweller 7 | . . 7 Best Kill Streak 5 | 3 5 3 Combat Bots Only 3 | . 3 3 Max Kills in Single Turn 1 | 1 1 1 Gunslinging . | . . . Exploded . | . . . Melee . | . . . Uniques/NPCs Destroyed . | . . . Combat | -11 -10 -10 -------- Run | Yrd Mat Sub Hostile Shots Fired 186 | . 119 67 Missed 50 | . 31 19 Hits 136 | . 88 48 Projectile 136 | . 88 48 Critical Strikes 3 | . 1 2 Damage Taken 1914 | . 850 1064 Core 250 | . 93 157 Absorbed by Shields . | . . . Core Remaining (%) 100 | 100 . . Volleys Fired 125 | 14 51 60 Largest 2 | 2 2 2 Hottest 120 | 40 120 120 Shots Fired 233 | 28 96 109 Gun 105 | 28 26 51 Cannon 128 | . 70 58 Launcher . | . . . Special . | . . . Kinetic 77 | 28 26 23 Thermal 156 | . 70 86 Explosive . | . . . Electromagnetic . | . . . Robot Hit Streak 14 | 9 6 14 Robot Miss Streak 3 | 1 3 3 Penetration Max . | . . . Secondary Targets 1 | . 1 . Max Gunslinging Chain 1 | . 1 . Shots Hit Robots 151 | 24 54 73 Core Hits 44 | 7 23 14 Critical Kills . | . . . Critical Parts Destroyed . | . . . Critical Strikes . | . . . Melee Attacks . | . . . Impact . | . . . Slashing . | . . . Piercing . | . . . Sneak Attacks . | . . . Combat Hostiles . | . . . Follow-up Attacks . | . . . Damage Inflicted 2106 | 233 940 933 Guns 729 | 233 177 319 Cannons 1372 | . 758 614 Explosions . | . . . Melee . | . . . Ramming 5 | . 5 . Kinetic 469 | 233 177 59 Thermal 1632 | . 758 874 Explosive . | . . . Electromagnetic . | . . . Impact . | . . . Slashing . | . . . Piercing . | . . . Highest Corruption . | . . . Average Corruption . | . . . Corruption Purged . | . . . Corruption Blocked . | . . . Overload Shots . | . . . Overflow Damage . | . . . Projectiles . | . . . Explosions . | . . . Melee . | . . . Knockbacks . | . . . Impact . | . . . Kinetic . | . . . Secondary . | . . . Self-Inflicted Damage . | . . . Shots . | . . . Rammed 1 | . 1 . Targets Rammed 1 | . 1 . Kicked . | . . . Crushed . | . . . Highest Temperature 232 | . 232 81 Average Temperature 66 | . 85 19 Received Heat Transfer 447 | . 201 246 Effects 4 | . 4 . Energy Bleed 2 | . 2 . Interference 2 | . 2 . Siege Activations . | . . . Martial Activations . | . . . Shielding Activations . | . . . Robots Disrupted . | . . . Combat Hostiles . | . . . Robots Corrupted . | . . . Combat Hostiles . | . . . Parts Fried . | . . . Impact Corruptions . | . . . Robots Melted . | . . . Combat Hostiles . | . . . Parts Melted 8 | . 6 2 Heat Transferred 3211 | . 1591 1620 Parts Sabotaged . | . . . Parts Stolen . | . . . Parts Stripped . | . . . Power Chain Reactions . | . . . Alert | -11 -10 -10 ------- Run | Yrd Mat Sub Maximum Alert Level . | . . . Low Security (%) 100 | 100 100 . Level 1 . | . . . Level 2 . | . . . Level 3 . | . . . Level 4 . | . . . Level 5 . | . . . High Security . | . . . Max Security . | . . . Peak Influence 148 | 10 148 . Initial . | . . . Average 44 | 1 50 . Influence Increases 435 | 15 420 . Destroy 0b10 Robot/C 320 | . 320 . Destroy 0b10 Robot/NC 45 | 15 30 . Destroy Leader 56 | . 56 . Successful Hack 14 | . 14 . Influence Decreases 435 | 15 308 112 Entered New Map 55 | . . 55 Time Decay 327 | 15 255 57 Lost Part 53 | . 53 . Squads Dispatched 1 | . 1 . Investigation 1 | . 1 . Extermination . | . . . Reinforcement . | . . . Assault . | . . . Garrison . | . . . Intercept . | . . . Searches Triggered . | . . . Construction Impeded . | . . . Haulers Reinforced . | . . . Active Scanning Responses . | . . . Cargo Convoy Interrupts . | . . . Stealth | -11 -10 -10 --------- Run | Yrd Mat Sub Distress Signals 3 | . 3 . Communications Jammed . | . . . Distress Signals . | . . . Times Spotted 33 | . 24 9 Peak Tracking Total 5 | . 5 2 Tactical Retreats 1 | . . 1 Traps | -11 -10 -10 ------- Run | Yrd Mat Sub Traps Triggered 2 | . 1 1 Indirectly . | . . . Trap Hack Attempts . | . . . Triggered . | . . . Disarmed . | . . . Reprogrammed . | . . . Reused 1 | . . 1 Traps Extracted . | . . . Installed 1 | . . 1 Triggered 1 | . . 1 Most Traps Carried 1 | . . 1 Machines | -11 -10 -10 ---------- Run | Yrd Mat Sub Machines Disabled . | . . . Max in Single Turn . | . . . Machines Repaired . | . . . Machines Dismantled . | . . . Machines Sabotaged . | . . . Overloaded Fab Kills . | . . . Hacking | -11 -10 -10 --------- Run | Yrd Mat Sub Machines Accessed 6 | . 6 . Terminals 6 | . 6 . Fabricators . | . . . Repair Stations . | . . . Recycling Units . | . . . Scanalyzers . | . . . Garrison Access . | . . . Total Hacks 18 | . 18 . Successful 9 | . 9 . Failed 9 | . 9 . Catastrophic . | . . . Database Lockouts . | . . . Manual 12 | . 12 . Terminals 18 | . 18 . Fabricators . | . . . Repair Stations . | . . . Recycling Units . | . . . Scanalyzers . | . . . Garrison Access . | . . . Terminal Hacks 4 | . 4 . Emergency Access Points 2 | . 2 . Hauler Manifests 1 | . 1 . Zone Layout 1 | . 1 . Fabricator Hacks . | . . . Repair Station Hacks . | . . . Recycling Unit Hacks . | . . . Scanalyzer . | . . . Garrison Access Hacks . | . . . Unauthorized Hacks 5 | . 5 . Terminals 5 | . 5 . Botnet 4 | . 4 . Operators 1 | . 1 . Fabricators . | . . . Repair Stations . | . . . Recycling Units . | . . . Scanalyzers . | . . . Garrison Access . | . . . Data Cores Recovered . | . . . Used . | . . . Hacking Detections 5 | . 5 . Full Trace Events . | . . . Feedback Events . | . . . Feedback Blocked . | . . . Robot Schematics Acquired . | . . . Robots Built . | . . . Authchips . | . . . Time . | . . . Total Robot Build Rating . | . . . Part Schematics Acquired . | . . . Parts Built . | . . . Authchips . | . . . Time . | . . . Total Part Build Rating . | . . . Part Studies Acquired . | . . . Parts Repaired . | . . . Time . | . . . Parts Recycled . | . . . Recycled Matter . | . . . Retrieved Matter . | . . . Retrieved Components . | . . . Parts Scanalyzed . | . . . Part Schematics Acquired . | . . . Parts Damaged . | . . . Bothacking | -11 -10 -10 ------------ Run | Yrd Mat Sub Used RIF Installer . | . . . Robots Hacked . | . . . Non-combat . | . . . Combat . | . . . Robot Hacks Applied . | . . . Relay Couplers Released . | . . . Fabnet Peak Effective % . | . . . Robots Rewired . | . . . Allies Hacked . | . . . Hacks Repelled . | . . . Allies | -11 -10 -10 -------- Run | Yrd Mat Sub Total Allies . | . . . Largest Group . | . . . Highest-Rated Group . | . . . Highest-Rated Ally . | . . . Total Orders . | . . . Ally Attacks . | . . . Total Damage . | . . . Kills . | . . . Allies Corrupted . | . . . Allies Melted . | . . . Intel | -11 -10 -10 ------- Run | Yrd Mat Sub Active Infowar (turns) 1910 | . 623 1287 Seismic 1910 | . 623 1287 Robot Analysis Total . | . . . Derelict Logs Recovered . | . . . Drone Launches . | . . . Drone Recoveries . | . . . Exploration | -11 -10 -10 ------------- Run | Yrd Mat Sub Turns Passed 2699 | 139 1079 1481 Spaces Moved 1299 | 63 527 709 Core 14 | 14 . . Treads 1285 | 49 527 709 Legs . | . . . Wheels . | . . . Hover . | . . . Flight . | . . . Fastest Speed 50 | 50 160 160 Average Speed 161 | 135 166 160 Slowest Speed 240 | 160 240 160 Overloaded Moves . | . . . Propulsion Burnouts . | . . . Robots Hopped . | . . . Potential Cave-ins 6 | . . 6 Cave-ins Triggered . | . . . Exploration Rate (%) 40 | 4 70 47 Regions Visited 2 Branch Regions 1 Pre-discovered Areas 1 | . . 1 Known Exits Taken . | . . . Unknown Exits Taken 2 | 1 1 . Scrap Searched . | . . . Spaces Dug 3 | . . 3 Terrain Destroyed 6 | . . 6 Melee . | . . . Projectile 6 | . . 6 AOE . | . . . Terrain Rammed . | . . . Walls Destroyed . | . . . Machines Disabled . | . . . Actions | -11 -10 -10 --------- Run | Yrd Mat Sub Total 1682 | 91 640 951 Wait 167 | . 14 153 Move 1297 | 62 526 709 Hop . | . . . Pick Up 45 | 8 27 10 Fast Attach 2 | 1 . 1 Attach 19 | 5 9 5 Detach . | . . . Swap 9 | 1 3 5 Drop 16 | . 9 7 Fire 125 | 14 51 60 Melee . | . . . Ram . | . . . Kick . | . . . Crush 1 | . 1 . Escape Stasis . | . . . Rewire . | . . . Trap 1 | . . 1 Miscellaneous . | . . . Route ------- -11/Scrapyard -10/Materials (discovered 3 exits: [*Mat] / [Min] / [*Sub]) -10/Subcaves History --------- Turn | Location | Event 10 | -11/Scrapyard | Discovered new exit (range 15) 140 | -11/Scrapyard | Entered Materials 303 | -10/Materials | Build established: Mutant 555 | -10/Materials | Discovered new exit (range 4) 855 | -10/Materials | Lost 4 parts (1n1u2w) 919 | -10/Materials | Discovered new exit (range 14) 1021 | -10/Materials | Discovered new exit (range 11) 1219 | -10/Materials | Entered Subcaves 1220 | -10/Subcaves | Approached by a straggling Scientist 1295 | -10/Subcaves | Core integrity fell below 50% 1837 | -10/Subcaves | Core integrity fell below 20% 1855 | -10/Subcaves | Lost 3 parts (1n2w) 2006 | -10/Subcaves | Ambushed by Subdweller buried in earth 2612 | -10/Subcaves | Learned location of Zion (-7) 2612 | -10/Subcaves | Met a Zionite searching for "candidates" 2700 | -10/Subcaves | Destroyed by Piercing Trap Last Messages --------------- 02175_ Acquired 50 matter. 02178_ Acquired Disposable Heat Sink. 02198_ Acquired 54 matter. 02205_ Subatomizers dissect the Sub. Power Source. 02215_ YY-BCY(u) builds Twisted Machinery. 02328_ Dropped Shrapnel Trap. 02328_ Installed Shrapnel Trap. 02357_ Lgt. Treads fries itself beyond repair. 02361_ Beam Rifle fries itself beyond repair. 02598_ 9R-MYB(z): "She is not going to be happy we haven't found any suitable candidates yet." 02612_ 9R-MYB(z): "Hey you! It's really dangerous down here, I feel that you could die at any moment. For your health and safety might I suggest a trip to Zion?" World map updated: -7/Zion. 02700_ Triggered Piercing Trap. 02700_ Spikes shoot up from the floor. 02700_ Critical hit (Impale). Map ----- +----------------------------------------------------+ | #??????# ?????# ##???????????????????????????? | | ??????? ?????# ####????????????????????????? | | ???????? ?????# ###??????????????????????? | | ??????????????# #??????????????????????? | | ??????????????## #### #??????????????????????? | | ????????????? ##?# ##??????????????????????? | | ???????????# #??## #???????????????????????? | | ??????????# ##??## ##???????????????????????? | | ????????? #????# #????????????????????????? | | ????????# # ?????# #????????????????????????? | | ???????# ??????## #????????????????????????? | | ??????? ???###### #????????????????????????? | | ???????? ???## """" ###??????????????????????? | | ?????????????# "" ##?????????????????????? | | ?????????????# /=% #?????????????????????? | | ?????????????# %| ##?????????????????????? | | ?# ??????#### " ## ##?????????????????????? | | # "## #######???????????????? | | " ## #???????????????? | | ### ## # #???????????????? | | ???????# # ### ## ##??????????????? | | ??????# ?######?# ### #####??????????? | | ??????## ?????????# ## #??????????? | | ???????#??????????# #??????????? | | ??????????????????# #?????????????? | | ??????????????????## @ #?????????????? | | ???????????????????## ????????? | | ????????????????????# ????????? | | ???????????????????# # #?????????? | | ?????????????????? #????????????? | | ???????????????? #???????????? | | ?????????????? #??????????? | | ????????????? ## ### #??????????? | | ?????????????##??# ##?? #???????????? | | ?????????????????## ##????#### ##???????????? | | ??????????????????###### #??????????#????????????? | | ???????????????????????###???????????????????????? | | ?????????????????????????????????????????????????? | | ?????????????????????????????????????????????????? | | ?????????????????????????????????????????????????? | | ?????????????????????????????????????????????????? | | ?????????????????????????????????????????????????? | | ?????????????????????????????????????????????????? | | ?????????????????????????????????????????????????? | | ?????????????????????????????????????????????????? | | ?????????????????????????????????????????????????? | | ?????????????????????????????????????????????????? | | ?????????????????????????????????????????????????? | | ?????????????????????????????????????????????????? | | ?????????????????????????????????????????????????? | +----------------------------------------------------+ Best States ------------- Heat Dissipation 39 Energy Generation 14 Energy Capacity 250 Matter Stores 300 Matter Capacity 300 Sight Range 16 Terrain Scan Density 10 Evasion (%) 50 Recoil Reduction 2 Item Schematics ----------------- None Robot Schematics ------------------ None Fabricated ------------ Nothing Repaired ---------- Nothing Studied --------- None Alien Tech Used ----------------- None Achievements -------------- None Challenges ------------ None Game ------ Seed HybridPulseComputer Manual? 0 Play Time 00:13:49 Cumulative 123.4 hours Start 2025.11.23 @ 08:27:39 End 2025.11.23 @ 08:40:24 Sessions 1 Manual Loads 0 Difficulty Rogue Special Mode None Game No. 144 Rogue 144 Adventurer 0 Explorer 0 Win Type - Total 2 Types 2/0/0/0/0/0/0/0/0/0 Lore% 71 Gallery% 62 Achievement% 42 Wizard Run 0 Options --------- Layout 1 ASCII 0 Keyboard 0 Movement Arrows Keybinds 0 Fullscreen 1 Font 32/SmallcapsGlow Map View 50x35 Zoom Use 0% Tactical HUD 1 Map Filters NONE Filters NONE Steam 1 RUN: f444a1bf-1a4f-48de-a82d-04a7336ec72d